 Dungeon Crawl Stone Soup version 0.30-b1-2-g02819fbbbe (webtiles) character file.

Game seed: 547331489831961057

631939 loralnil the Impregnable (level 27, -9/122 (137) HPs)
             Began as a Gargoyle Fighter on Dec 7, 2023.
             Was the Champion of the Shining One.
             Killed from afar by a frost giant (32 damage)
             ... with a bolt of cold
             ... in the Vestibule of Hell.
             The game lasted 03:12:18 (59567 turns).

loralnil the Impregnable (Gargoyle Fighter)        Turns: 59567, Time: 03:12:18

HP:   -9/122 (137)  AC: 57    Str: 28 (32) XL:     27
MP:   30/30         EV:  8    Int:  7      God:    the Shining One [******]
Gold: 6639          SH: 30    Dex: 10 (13) Spells: 32/39 levels left

rFire   + + +        U - +9 sacred scourge (holy)
rCold   . . .        J - +6 tower shield {rF+}
rNeg    + + +        b - +1 plate armour {Will+}
rPois   ∞            L - +1 helmet "Wetarrea" {rN+}
rElec   +            R - +1 cloak {rCorr}
rCorr   +            X - +0 pair of gloves of the Sneaky Seas {rN++ Regen+ Dex+3 SInv}
SInv    +            g - +3 pair of seven-league boots {Rampage+∞}
Will    +++++        Y - amulet "Jurimnui" {Reflect Contam Will++ Regen+ Dex+3 SH+5} Stlth
                     v - ring of protection from fire
HPRegen 2.00/turn    c - ring of protection from fire
MPRegen 0.22/turn

%: reflection, rampage+∞
@: flying, glowing, studying 2 skills, heavily drained, unable to read, unable
to drink
A: sickness immunity, AC +20, big wings, negative energy resistance 1,
electricity resistance, torment resistance 1, petrification resistance, talons
2, clumsy 1, dopey 2, low MP 1, screaming 1, teleportitis 1, inability to drink
after injury 1, inability to read after injury 1, frail 2[+1]
}: 5/15 runes: serpentine, barnacled, slimy, silver, golden
a: Renounce Religion, Divine Shield, Cleansing Flame, Summon Divine Warrior


You were in the Vestibule of Hell.
You worshipped the Shining One.
The Shining One was exalted by your worship.
You visited 13 branches of the dungeon, and saw 54 of its levels.
You also visited: Ice Cave.

You collected 11276 gold pieces.
You spent 4637 gold pieces at shops.

Inventory:

Hand Weapons
 l - the +10 mace of the Incandescent {venom, rN++ Dex+2}
   (You found it on level 2 of the Dungeon)

   Dex:       It affects your dexterity (+2).
   rN:        It greatly protects you from negative energy.
 s - the +3 whip of the Kissing Madman {freeze, Will+ Str+3 Dex+2}
   (You found it on level 3 of the Tomb of the Ancients)

   Str:       It affects your strength (+3).
   Dex:       It affects your dexterity (+2).
   Will:      It increases your willpower.
 U - a +9 sacred scourge of holy wrath (weapon)
Missiles
 h - 7 throwing nets (quivered)
Armour
 b - a +1 plate armour of willpower (worn)
 g - the +3 pair of seven-league boots (worn) {Rampage+∞}
   (You found it on level 3 of the Crypt)

   Rampage+∞: When moving toward enemies, its wearer moves as far as possible.
 J - a +6 tower shield of fire resistance (worn)
 L - the +1 helmet "Wetarrea" (worn) {rN+}
   (You found it on level 3 of the Tomb of the Ancients)

   rN:        It protects you from negative energy.
 R - a +1 cloak of preservation (worn)
 X - the +0 pair of gloves of the Sneaky Seas (worn) {rN++ Regen+ Dex+3 SInv}
   (You acquired it on level 2 of the Orcish Mines)

   Dex:       It affects your dexterity (+3).
   rN:        It greatly protects you from negative energy.
   SInv:      It lets you see invisible.
   Regen:     It increases your rate of health regeneration.
Jewellery
 a - the ring "Dixkidutz" {rCorr Str+3}
   (You acquired it on level 1 of the Shoals)

   [ring of resist corrosion]

   Str:       It affects your strength (+3).
   rCorr:     It protects you from acid and corrosion.
 c - a ring of protection from fire (right hand)
 f - the amulet of Erulos {Fragile rElec Regen+ rCorr Dex+2}
   (You took it off a frost giant on level 4 of the Depths)

   [amulet of regeneration]

   Dex:       It affects your dexterity (+2).
   rElec:     It insulates you from electricity.
   Regen:     It increases your rate of health regeneration.
   rCorr:     It protects you from acid and corrosion.
   Fragile:   It will be destroyed if unequipped.
 v - a ring of protection from fire (left hand)
 D - a ring of protection from cold
 N - a ring of ice
 T - the ring "Tourche" {Fire Str+3 Slay+3}
   (You took it off a frost giant on level 4 of the Depths)

   [ring of fire]

   It enhances your fire magic.
   Str:       It affects your strength (+3).
   Slay:      It affects your accuracy & damage with ranged weapons and melee
   (+3).
   rF:        It protects you from fire.
   rC:        It makes you vulnerable to cold.
 Y - the amulet "Jurimnui" (around neck) {Reflect Contam Will++ Regen+ Dex+3 SH+5}
   (You bought it in a shop on level 15 of the Dungeon)

   [amulet of reflection]

   It reflects blocked missile attacks.
   Dex:       It affects your dexterity (+3).
   Contam:    It causes magical contamination when unequipped.
   Regen:     It increases your rate of health regeneration.
   SH:        It affects your SH (+5).
   Will:      It greatly increases your willpower.
Wands
 i - a wand of digging (14)
 Z - a wand of iceblast (13)
Scrolls
 j - 8 scrolls of vulnerability
 k - 18 scrolls of teleportation
 m - a scroll of silence
 q - 7 scrolls of fog
 u - 13 scrolls of fear
 w - 8 scrolls of amnesia
 x - 5 scrolls of enchant weapon
 y - 5 scrolls of magic mapping
 B - 24 scrolls of identify
 E - 4 scrolls of brand weapon
 G - 6 scrolls of immolation
 M - a scroll of enchant armour
 V - 5 scrolls of butterflies
Potions
 d - 5 potions of might
 e - 27 potions of curing
 n - 11 potions of flight
 o - 11 potions of brilliance
 p - 6 potions of magic
 r - 9 potions of heal wounds
 t - 6 potions of invisibility
 z - 3 potions of cancellation
 A - 10 potions of lignification
 F - 8 potions of ambrosia
 H - 3 potions of haste
 I - 3 potions of resistance
 K - 8 potions of attraction
 W - a potion of berserk rage
Miscellaneous
 C - a figurine of a ziggurat


   Skills:
 + Level 26.3 Fighting
 + Level 24.3 Maces & Flails
 + Level 26.3 Armour
 - Level 19.0 Shields
 - Level 6.9 Spellcasting
 + Level 13.6 Summonings
 - Level 11.0 Invocations


You had 32 spell levels left.
You knew the following spells:

 Your Spells              Type           Power      Damage    Failure   Level
a - Summon Hydra          Summ           10%        N/A       98%         7

Your spell library contained the following spells:

 Spells                   Type           Power      Damage    Failure   Level
 Call Imp                 Summ           42%        N/A       1%          2
 Summon Guardian Golem    Hex/Summ       12%        N/A       22%         3
 Summon Cactus Giant      Summ           10%        N/A       54%         6
 Animate Armour           Summ/Erth      24%        N/A       58%         4
 Apportation              Tloc           4%         N/A       77%         1
 Beastly Appendage        Tmut           4%         N/A       77%         1
 Foxfire                  Conj/Fire      8%         2x1d4     77%         1
 Freeze                   Ice            8%         1d3       77%         1
 Kiss of Death            Conj/Necr      8%         2d6       77%         1
 Magic Dart               Conj           8%         1d3       77%         1
 Slow                     Hex            8%         N/A       77%         1
 Sting                    Tmut/Pois      8%         1d3       77%         1
 Blink                    Tloc           4%         N/A       88%         2
 Ensorcelled Hibernation  Hex/Ice        4%         N/A       88%         2
 Poisonous Vapours        Pois/Air       4%         N/A       88%         2
 Scorch                   Fire           4%         2d5       88%         2
 Wereblood                Tmut           2%         N/A       88%         2
 Summon Forest            Summ/Tloc      6%         N/A       90%         5
 Summon Mana Viper        Hex/Summ       12%        N/A       90%         5
 Confusing Touch          Hex            2%         N/A       98%         3
 Dazzling Flash           Conj/Hex       4%         N/A       98%         3
 Frozen Ramparts          Ice            4%         1d1       98%         3
 Gell's Gravitas          Tloc           2%         N/A       98%         3
 Hailstorm                Conj/Ice       2%         3d3       98%         3
 Inner Flame              Hex/Fire       2%         N/A       98%         3
 Mephitic Cloud           Conj/Pois/Air  2%         N/A       98%         3
 Ozocubu's Armour         Ice            2%         N/A       98%         3
 Portal Projectile        Hex/Tloc       4%         N/A       98%         3
 Spider Form              Tmut/Pois      2%         N/A       98%         3
 Stone Arrow              Conj/Erth      4%         3d7       98%         3
 Swiftness                Air            2%         N/A       98%         3
 Teleport Other           Tloc           2%         N/A       98%         3
 Tukima's Dance           Hex            2%         N/A       98%         3
 Vampiric Draining        Necr           2%         2d6       98%         3
 Vhi's Electric Charge    Tloc/Air       4%         N/A       98%         3
 Volatile Blastmotes      Fire/Tloc      4%         2d10      98%         3
 Anguish                  Hex/Necr       1%         N/A       100%        4
 Dispel Undead            Necr           2%         3d7       100%        4
 Flame Wave               Conj/Fire      2%         2d4       100%        4
 Fulminant Prism          Conj/Hex       1%         3d5       100%        4
 Ice Form                 Ice/Tmut       2%         N/A       100%        4
 Iskenderun's Mystic Bla  Conj/Tloc      2%         2d3       100%        4
 Manifold Assault         Tloc           2%         N/A       100%        4
 Passage of Golubria      Tloc           2%         N/A       100%        4
 Petrify                  Tmut/Erth      2%         N/A       100%        4
 Agony                    Necr           2%         N/A       100%        5
 Alistair's Intoxication  Tmut/Pois      1%         N/A       100%        5
 Arcjolt                  Conj/Air       1%         1d11      100%        5
 Blade Hands              Tmut           1%         N/A       100%        5
 Borgnjor's Vile Clutch   Necr/Erth      1%         N/A       100%        5
 Fireball                 Conj/Fire      1%         3d3       100%        5
 Freezing Cloud           Conj/Ice/Air   1%         6-21      100%        5
 Irradiate                Conj/Tmut      1%         3d12      100%        5
 Iskenderun's Battlesphe  Conj           2%         2d6       100%        5
 Lee's Rapid Deconstruct  Erth           1%         3d4*      100%        5
 Metabolic Englaciation   Hex/Ice        1%         N/A       100%        5
 Silence                  Hex/Air        1%         N/A       100%        5
 Yara's Violent Unravell  Hex/Tmut       1%         3d3       100%        5
 Conjure Ball Lightning   Conj/Air       1%         3x3d6     100%        6
 Dispersal                Tloc           1%         N/A       100%        6
 Eringya's Noxious Bog    Tmut/Pois      1%         N/A       100%        6
 Iron Shot                Conj/Erth      1%         9d1       100%        6
 Plasma Beam              Fire/Air       1%         2x1d12    100%        6
 Simulacrum               Ice/Necr       1%         N/A       100%        6
 Starburst                Conj/Fire      1%         6d3       100%        6
 Dragon Form              Tmut           1%         N/A       100%        7
 Enfeeble                 Hex            1%         N/A       100%        7
 Orb of Destruction       Conj           1%         9d5       100%        7
 Ozocubu's Refrigeration  Ice            1%         4d7       100%        7
 Spellforged Servitor     Conj/Summ      6%         N/A       100%        7
 Storm Form               Tmut/Air       1%         N/A       100%        7
 Discord                  Hex            1%         N/A       100%        8
 Ignition                 Fire           1%         3d3       100%        8
 Lehudib's Crystal Spear  Conj/Erth      1%         10d2      100%        8
 Maxwell's Capacitive Co  Air            1%         ∞         100%        8
 Necromutation            Tmut/Necr      1%         N/A       100%        8
 Dragon's Call            Summ           10%        N/A       100%        9
 Fire Storm               Conj/Fire      1%         7d1       100%        9
 Polar Vortex             Ice            1%         N/A       100%        9
 Shatter                  Erth           1%         3d5*      100%        9
 Cigotuvi's Dreadful Rot  Necr/Pois/Air  Unusable   N/A       N/A         2
 Sublimation of Blood     Necr           Unusable   N/A       N/A         2
 Statue Form              Tmut/Erth      Unusable   N/A       N/A         6

Dungeon Overview and Level Annotations

Branches:
Dungeon (15/15)            Temple (1/1) D:4            Lair (5/5) D:11
 Shoals (4/4) Lair:3        Snake (4/4) Lair:3        Slime (5/5) Lair:4
    Orc (2/2) D:12            Elf (0/3) Orc:2        Vaults (5/5) D:14
  Crypt (3/3) Vaults:3       Tomb (3/3) Crypt:3      Depths (4/4) D:15
   Hell (1/1)                 Dis (0/7) Hell            Geh (2/7) Hell
    Coc (0/7) Hell            Tar (0/7) Hell            Zot (0/5) Depths:4
  IceCv (visited)

Altars:
Ashenzari
Cheibriados
Dithmenos
Elyvilon
Fedhas
Gozag
Hepliaklqana
Kikubaaqudgha
Makhleb
Nemelex Xobeh
Okawaru
Qazlal
Ru
Sif Muna
Trog
Uskayaw
Vehumet
Wu Jian
Xom
Yredelemnul
Zin
The Shining One
Jiyva

Shops:
D:1 =!*[   D:8 :   D:10 (*:[   D:12 !   D:15 *:=[   Orc:1 *[   Orc:2 **(?
Snake:1 ?   Vaults:2 *   Vaults:4 *!(   Vaults:5 ??!!   Depths:1 *

Portals:
Hell: Depths:1 Depths:2 Depths:3 Depths:4
Abyss: Depths:2 Depths:3
Pandemonium: Depths:2 Depths:3
Ziggurat: Depths:3

Annotations:
D:9 4 transporters
D:10 2 transporters, diceflayer's ghost, novice DsGl
D:11 2 transporters, Jaelalof's ghost, journeyman HORe
Snake:3 3 runed translucent doors, Eeriemist's ghost, adept MiFi; Siddir's ghost, journeyman MiBe


Innate Abilities, Weirdness & Mutations

You are immune to sickness and miasma.
Your stone body is resilient. (AC +20)
You are immune to poison.
Your large and strong wings let you fly.
You resist negative energy. (rN+)
You are resistant to electric shocks. (rElec)
You are resistant to unholy torment.
You are immune to petrification.
You have razor-sharp toenails.
You are clumsy. (Dex -2)
You are very dopey. (Int -4)
Your magical capacity is low. (-10% MP)
You occasionally shout uncontrollably at your foes.
You are occasionally teleported next to monsters.
You occasionally lose the ability to drink potions when taking damage.
You occasionally lose the ability to read scrolls when taking damage.
[You are extremely frail. (-30% HP)]


Message History

The fire giant barely misses you. You block the frost giant's attack.
You whack the fire giant!
The fire giant is severely wounded.
You block the frost giant's attack.
You punish the fire giant, causing immense pain!!!
You kill the fire giant!
The frost giant casts a spell at you. The bolt of cold hits you!
Unknown command.
You whack the frost giant!
The frost giant is lightly wounded.
You block the frost giant's attack.
You whack the frost giant!
The frost giant is lightly wounded.
The frost giant gestures at you while chanting.
The bolt of cold hits you!! You block the frost giant's attack.
You thrash the frost giant!!
The frost giant is moderately wounded.
The frost giant casts a spell at you. The bolt of cold hits you.
You punish the frost giant, causing immense pain!!!
The frost giant is severely wounded.
You block the frost giant's attack.
You whack the frost giant!
The frost giant is almost dead.
The frost giant points at you and mumbles some strange words.
The bolt of cold hits you.
You whack the frost giant!
The frost giant is almost dead.
The frost giant gestures at you while chanting.
The bolt of cold hits you!!!
You feel threatened and lose the ability to read scrolls!
* * * LOW HITPOINT WARNING * * *
Unknown command.
You punish the frost giant, causing immense pain!!!
You kill the frost giant!
The frost giant gestures at you while chanting.
The bolt of cold hits you!!
You feel threatened and lose the ability to drink potions!
You die...

#≈≈.......## ##
#≈≈........## ##.
#≈..≈§....§.## ##..
#...≈§≈≈≈≈≈..## ##...
#..≈≈#####≈≈..## ##.##.
#.≈§##...##≈≈..####..#..
#≈≈##.....##≈...##......
#§≈#..)))..#≈...........
#≈≈#...@...#≈≈.....#...#
#.≈#..C))..#§§.......)..
#.≈##...÷.##§§..##..[.).
#.≈≈##÷).##≈≈..####..#∩[
#.§§§##'##≈≈..## ##.##[
#..≈≈≈...≈≈§.## ##...
#.........≈.## ##..
#≈§........## ##.
#≈≈.......## ##


You could see a frost giant.

Vanquished Creatures
  the Royal Jelly (Slime:5)
  27 royal mummies
  Frederick (Crypt:3)
  Vv (Depths:3)
  Bai Suzhen (Vaults:5)
  Geryon (Hell)
  Vashnia (Snake:4)
  2 golden dragons
  the Enchantress (Depths:3)
  A profane servitor (Crypt:3)
  A pearl dragon (Depths:3)
  A doom hound (Hell)
  The ghost of Setanta the Ninja, a veteran SpBr of Gozag (Depths:4)
  5 tentacled monstrosities (Vaults:5)
  A shard shrike zombie (Tomb:3)
  A Hell Sentinel (Tomb:2)
  6 liches
  Jorgrun (D:13)
  A walking crystal tome (Depths:4)
  An Ice Fiend (Depths:4)
  4 titans
  25 acid blobs
  Gastronok (Lair:2)
  Polyphemus (Shoals:2)
  2 quicksilver dragons
  7 ancient champions
  14 sphinxes
  A kraken (Shoals:2)
  Frances (Snake:2)
  A thorn hunter (Depths:3)
  9 shadow dragons
  4 storm dragons
  6 tengu reavers
  3 revenants
  A draconian monk (Depths:4)
  12 azure jellies
  10 fire giants
  Ilsuiw (Shoals:4)
  16 frost giants
  7 rockslimes
  3 iron dragons
  6 nagarajas
  Aizul (Crypt:1)
  A spectral juggernaut (Crypt:3)
  17 vault wardens
  2 balrugs
  A draconian scorcher (Depths:4)
  9 ghouls
  Louise (D:15)
  2 curse skulls
  7 quicksilver oozes
  6 spriggan defenders
  22 ironbound preservers
  4 war gargoyles
  3 spectral caustic shrikes (Crypt:3)
  A juggernaut skeleton (Crypt:2)
  10 reapers
  7 ironbound thunderhulks
  4 orc warlords
  An ophan (Depths:3)
  15 stone giants
  4 vampire knights
  18 very ugly things
  An eleionoma (Depths:3)
  An apis (Depths:3)
  A deep elf annihilator (Vaults:4)
  A green draconian (Depths:4)
  14 bennus
  A spectral titan (Crypt:3)
  13 dire elephants
  3 black draconians (Depths:4)
  A spark wasp (Depths:2)
  A red draconian (Depths:4)
  A purple draconian (Depths:4)
  A spark wasp (shapeshifter) (Vaults:2)
  A crystal guardian (Vaults:4)
  8 eidola
  6 merfolk javelineers
  2 spectral quicksilver dragons (Crypt:3)
  4 deep elf death magi
  5 blizzard demons
  Josephine (Snake:1)
  12 ettins
  6 jiangshi
  7 fire dragons
  A quicksilver dragon zombie (Crypt:3)
  18 mummy priests
  A spectral golden dragon (Crypt:3)
  7 yaktaur captains
  3 merfolk impalers
  A spectral spriggan (Crypt:3)
  An entropy weaver (Vaults:2)
  8 great orbs of eyes
  6 deep elf high priests
  2 spriggan zombies (Crypt:3)
  4 hydras
  2 salamander tyrants
  9 ice dragons
  A peacekeeper (Vaults:2)
  33 vault guards
  A hydra (shapeshifter) (Vaults:2)
  A caustic shrike simulacrum (Depths:4)
  3 ogre magi
  A quicksilver dragon skeleton (Crypt:2)
  3 rakshasas
  5 ironbound frosthearts
  23 anacondas
  8 centaur warriors
  A juggernaut simulacrum (Depths:4)
  A jorogumo (shapeshifter) (Depths:4)
  A spectral shadow dragon (Crypt:3)
  An alligator snapping turtle (Shoals:2)
  2 catoblepae
  3 spriggan skeletons
  2 spriggan air magi
  A spectral stone giant (Crypt:3)
  7 boulder beetles
  15 two-headed ogres
  5 merfolk aquamancers
  4 death knights
  4 tengu warriors
  5 merfolk avatars
  20 naga warriors
  2 stokers (Geh:1)
  3 deep troll shamans
  20 hell hogs
  4 death yaks (Shoals:2)
  19 death scarabs
  7 deep troll earth magi
  9 naga sharpshooters
  3 orc high priests (Orc:2)
  2 satyrs (Shoals:4)
  10 shock serpents
  12 spriggan berserkers
  6 vampire magi
  3 spectral storm dragons (Crypt:3)
  19 hell knights
  An emperor scorpion zombie (Crypt:2)
  Urug (Orc:1)
  3 soul eaters (Hell)
  3 sun demons (Hell)
  A deep elf knight (Depths:3)
  27 skeletal warriors
  7 iron trolls
  A storm dragon zombie (Crypt:2)
  Amaemon (Lair:3)
  A skyshark (Shoals:3)
  61 deep trolls
  4 salamander mystics
  A death drake (Vaults:2)
  A goliath frog (shapeshifter) (Vaults:2)
  The ghost of Discosetron the Thaumaturge, a novice DEEE of Ru (D:8)
  3 anaconda zombies
  A quicksilver dragon simulacrum (Crypt:2)
  21 sea snakes
  A fire crab (Vaults:2)
  7 shadow wraiths
  The ghost of Frank the Carver, a novice DsFi of Hepliaklqana (D:9)
  2 spriggan druids (Depths:3)
  4 flayed ghosts
  3 glowing orange brains
  2 orb spiders (shapeshifter)
  A swamp dragon (shapeshifter) (Vaults:2)
  A bog body (Crypt:3)
  11 wizards
  13 naga ritualists
  21 phantasmal warriors
  14 ironbound convokers
  6 deep elf pyromancers
  A deep elf zephyrmancer (Vaults:2)
  7 lindwurms
  13 orc knights
  Pikel (D:7)
  2 mana vipers (shapeshifter)
  14 harpies
  15 necromancers
  2 spectral ettins (Crypt:3)
  3 anaconda skeletons
  8 mana vipers
  8 shining eyes
  An iron dragon zombie (Hell)
  4 orc sorcerers (Orc:2)
  2 stone giant zombies
  2 spectral centaurs (Crypt:3)
  41 ugly things
  8 cyclopes
  12 fauns
  A faun (shapeshifter) (Vaults:5)
  A fire giant skeleton (Crypt:1)
  A stone giant skeleton (Tomb:2)
  An iron dragon skeleton (Crypt:3)
  13 salamanders
  A spectral alligator snapping turtle (Crypt:3)
  15 manticores
  12 merfolk sirens
  4 elephants
  60 black mambas
  3 centaur zombies
  10 guardian serpents
  2 ice statues (IceCv)
  20 vault sentinels
  20 naga magi
  A water nymph (shapeshifter) (Vaults:2)
  2 dire elephant zombies (Hell)
  2 gargoyles
  An orange demon (Lair:3)
  A centaur skeleton (Crypt:3)
  8 water nymphs
  4 rust devils
  3 hellions
  4 rime drakes
  4 eyes of devastation
  A dire elephant skeleton (Crypt:2)
  2 kobold demonologists
  3 unseen horrors
  13 cane toads
  2 molten gargoyles (Vaults:2)
  Psyche (D:8)
  A tormentor (Hell)
  17 yaktaurs
  7 komodo dragons
  A sea snake zombie (Hell)
  2 anaconda simulacra
  4 efreet
  11 freezing wraiths
  10 ice devils
  A golden dragon simulacrum (Depths:4)
  A hellwing (Depths:3)
  4 hydra zombies
  2 pale draconian skeletons
  5 harpy zombies (Shoals:4)
  3 spectral harpies (Crypt:3)
  A merfolk (shapeshifter) (Vaults:2)
  39 guardian mummies
  A death yak skeleton (Crypt:2)
  6 polar bears
  2 shadow dragon simulacra (Depths:4)
  5 meliai (D:14)
  22 merfolk
  A wolf spider simulacrum (D:14)
  8 trolls
  Prince Ribbit (D:9)
  A tarantella (shapeshifter) (Vaults:2)
  10 hornets
  A spectral demonspawn (Crypt:3)
  A tarantella (Vaults:2)
  20 blink frogs
  2 iron dragon simulacra
  15 snapping turtles
  5 wind drakes
  A slime creature (shapeshifter) (Vaults:2)
  Sigmund (D:4)
  A dream sheep (Lair:5)
  90 slime creatures
  A snapping turtle (shapeshifter) (Vaults:2)
  3 vampires
  14 spriggans
  A culicivora (Vaults:5)
  15 flying skulls
  A guardian serpent skeleton (Crypt:3)
  8 water elementals
  A wyvern (Lair:5)
  An ettin zombie (Crypt:3)
  10 wraiths
  4 shadows
  3 centaur simulacra
  A ynoxinul (Depths:2)
  A jumping spider (Vaults:5)
  17 ushabtiu
  A black mamba skeleton (Hell)
  2 slime creature zombies
  42 yaks
  An alligator skeleton (Hell)
  2 dire elephant simulacra
  A golden eye (shapeshifter) (Depths:4)
  7 steam dragons
  5 golden eyes
  5 basilisks
  A hog (shapeshifter) (Depths:2)
  8 redbacks
  A fire elemental (Vaults:2)
  9 vampire mosquitoes
  A chaos spawn (Depths:2)
  A neqoxec (Depths:2)
  5 harpy simulacra
  A naga zombie (Crypt:3)
  54 nagas
  4 wargs
  18 hell hounds (Hell)
  An acid dragon (D:9)
  A hydra simulacrum (Hell)
  Duvessa (D:5)
  9 water moccasins
  2 floating eyes
  A faun skeleton (Crypt:1)
  30 orc warriors
  7 ice beasts
  7 black bears
  2 swamp dragon zombies (Crypt:3)
  8 ogres
  9 boggarts
  51 wolves
  9 centaurs
  A hog zombie (Crypt:1)
  A snapping turtle skeleton (Crypt:2)
  A blink frog skeleton (Crypt:2)
  A phantom (D:4)
  12 kobold brigands
  8 bullfrogs
  2 earth elementals (Vaults:2)
  2 necrophages
  A gnoll sergeant (D:11)
  2 two-headed ogre simulacra (IceCv)
  A scorpion (D:6)
  A cane toad simulacrum (IceCv)
  11 wights
  Dowan (D:5)
  An elephant simulacrum (IceCv)
  A troll zombie (Crypt:1)
  A polar bear skeleton (Crypt:1)
  A yak skeleton (Crypt:2)
  4 howler monkeys
  An electric eel (Snake:4)
  2 lava snakes (Vaults:2)
  3 hounds
  11 jellies
  Crazy Yiuf (D:4)
  23 orc priests
  An iguana (D:6)
  27 orc wizards
  3 hell rats (Hell)
  2 polar bear simulacra (IceCv)
  5 spriggan simulacra
  3 troll simulacra (IceCv)
  2 wolf simulacra (IceCv)
  A deep dwarf zombie (Crypt:3)
  A hound zombie (Crypt:3)
  A naga skeleton (Crypt:2)
  40 mummies
  Robin (D:4)
  22 gnolls
  5 naga simulacra
  4 adders
  A swamp drake zombie (Crypt:3)
  A shadow imp (D:7)
  17 white imps
  6 ufetubi
  3 worms
  6 dart slugs
  84 orcs
  8 bats
  A bat zombie (Crypt:3)
  19 endoplasms
  2 giant cockroaches
  12 goblins
  13 hobgoblins
  10 jackals
  2 quokkas (D:1)
  8 ball pythons
  4 frilled lizards
  51 kobolds
  7 rats
  5 fire vortices
  2 tentacles (Shoals:2)
2502 creatures vanquished.

Vanquished Creatures (collateral kills)
  3 royal mummies (Tomb:3)
  An azure jelly (Slime:5)
  A quicksilver ooze (Slime:5)
  A bennu (Tomb:3)
  5 mummy priests (Tomb:3)
  A hell hog (Hell)
  A soul eater (Hell)
  A necromancer (Hell)
  An orc knight (D:14)
  8 guardian mummies
  An ettin zombie (Tomb:3)
  A flying skull (Tomb:3)
  4 ushabtiu
  A hell hound (Hell)
  A demonspawn skeleton (Tomb:2)
  8 mummies
39 creatures vanquished.

Vanquished Creatures (others)
  A shadow dragon (Vaults:5)
  A bennu (Tomb:1)
  A peacekeeper (Vaults:4)
  A necromancer (Vaults:4)
  A fire elemental (Vaults:2)
  A water elemental (Shoals:4)
  3 hell rats (Hell)
  An orc (D:7)
  19 fungi
  61 plants
  7 tentacles (Shoals:2)
  5 withered plants (Snake:3)
102 creatures vanquished.

Grand Total: 2643 creatures vanquished

Notes
Turn   | Place    | Note
-------+----------+-------------------------------------------
     0 | D:1      | loralnil the Gargoyle Fighter began the quest for the Orb.
     0 | D:1      | Reached XP level 1. HP: 14/14 MP: 1/1
    34 | D:1      | Found Egran's Jewellery Emporium.
   108 | D:1      | Found Ulamyec's Distillery.
   129 | D:1      | Reached XP level 2. HP: 17/19 MP: 2/2
   144 | D:1      | Bought a potion of curing for 33 gold pieces
   147 | D:1      | You fall into a shaft and drop 1 floor!
   296 | D:1      | Found Matafoeg's Armour Shoppe.
   316 | D:1      | Found Miqit's Assorted Antiques.
   671 | D:2      | Reached XP level 3. HP: 8/23 MP: 3/3
   803 | D:2      | Identified the +10 mace of the Incandescent {venom, rN++
                  | Dex+2}
  1349 | D:3      | Reached XP level 4. HP: 25/29 MP: 4/4
  1478 | D:3      | Found a shadowy altar of Dithmenos.
  1662 | D:3      | Reached XP level 5. HP: 33/33 MP: 5/5
  1673 | D:3      | Noticed a kobold brigand
  1673 | D:3      | Noticed a kobold brigand
  1684 | D:3      | Killed a kobold brigand
  1689 | D:3      | Killed a kobold brigand
  1690 | D:3      | Reached XP level 6. HP: 37/39 MP: 6/6
  1974 | D:3      | Reached skill level 5 in Fighting
  2013 | D:3      | Reached skill level 5 in Armour
  2013 | D:3      | Reached skill level 5 in Shields
  2013 | D:3      | Reached XP level 7. HP: 42/44 MP: 7/7
  2532 | D:4      | Noticed Robin
  2548 | D:4      | Killed Robin
  2583 | D:4      | Found a staircase to the Ecumenical Temple.
  2641 | Temple   | Entered the Ecumenical Temple
  2724 | Temple   | Became a worshipper of the Shining One
  2904 | D:4      | Reached XP level 8. HP: 51/51 MP: 8/8
  3078 | D:4      | Noticed Sigmund
  3083 | D:4      | Killed Sigmund
  3084 | D:4      | Reached skill level 5 in Maces & Flails
  3195 | D:4      | Found a runed translucent door.
  3196 | D:4      | Noticed Crazy Yiuf
  3353 | D:4      | Killed Crazy Yiuf
  3406 | D:5      | Entered Level 5 of the Dungeon
  3438 | D:5      | Noticed Dowan
  3439 | D:5      | Noticed Duvessa
  3455 | D:5      | Killed Duvessa
  3459 | D:5      | Killed Dowan
  3707 | D:5      | Found a burning altar of Makhleb.
  3771 | D:5      | Found a glowing silver altar of Zin.
  3771 | D:5      | Noticed an angel
  3772 | D:5      | Noticed a cacodemon
  4710 | D:6      | Reached * piety under the Shining One
  4721 | D:6      | Reached XP level 9. HP: 47/56 MP: 9/9
  5334 | D:7      | Found a sacrificial altar of Ru.
  5446 | D:7      | Noticed Pikel
  5452 | D:7      | Killed Pikel
  6003 | D:7      | Reached XP level 10. HP: 49/64 MP: 10/10
  6152 | D:8      | Found a transporter.
  6153 | D:8      | Noticed Discosetron's ghost (novice DEEE)
  6153 | D:8      | Reached ** piety under the Shining One
  6164 | D:8      | Noticed a gargoyle
  6217 | D:8      | Noticed Psyche
  6225 | D:8      | Killed Psyche
  6345 | D:8      | Found Luywn's Book Boutique.
  6385 | D:8      | Noticed a two-headed ogre
  6393 | D:8      | Killed a two-headed ogre
  6493 | D:8      | Found a transporter.
  6639 | D:8      | Found a shimmering blue altar of Sif Muna.
  6643 | D:8      | Found a white marble altar of Elyvilon.
  6645 | D:8      | Found an iron altar of Okawaru.
  7117 | D:9      | Reached skill level 1 in Invocations
  7183 | D:9      | Noticed Prince Ribbit
  7189 | D:9      | Killed Prince Ribbit
  7219 | D:9      | Reached XP level 11. HP: 47/71 MP: 12/12
  7633 | D:9      | Noticed a two-headed ogre
  7643 | D:9      | Killed a two-headed ogre
  7945 | D:9      | Found a runed translucent gate.
  7945 | D:9      | Found a runed translucent gate.
  7945 | D:9      | Found a runed translucent gate.
  7951 | D:9      | Noticed Frank's ghost (novice DsFi)
  7954 | D:9      | Found a viscous altar of Jiyva.
  8054 | D:9      | Reached *** piety under the Shining One
  8088 | D:9      | Found a transporter.
  8236 | D:9      | Found a transporter.
  8360 | D:9      | Found a transporter.
  8372 | D:9      | Found a transporter.
  8459 | D:10     | Entered Level 10 of the Dungeon
  8505 | D:10     | Reached skill level 10 in Shields
  8506 | D:10     | Reached skill level 10 in Fighting
  8506 | D:10     | Reached skill level 10 in Armour
  8657 | D:10     | Found Kaliefra's Book Emporium.
  8822 | D:10     | Identified the +0 plate armour of the Orb {Rampage rPois}
  8824 | D:10     | Found a bloodstained altar of Trog.
  8826 | D:10     | Noticed diceflayer's ghost (novice DsGl)
  8831 | D:10     | Found a transporter.
  8840 | D:10     | Noticed a moth of wrath
  8840 | D:10     | Noticed a two-headed ogre
  8840 | D:10     | Noticed a tengu warrior
  8852 | D:10     | Found a transporter.
  9045 | D:10     | Found Xocil's Weapon Boutique.
  9185 | D:10     | Found Ziqivod's Assorted Antiques.
  9193 | D:10     | Bought a scroll of identify for 50 gold pieces
  9193 | D:10     | Bought a scroll of identify for 50 gold pieces
  9362 | D:10     | Found Xoiggi's Armour Shoppe.
  9370 | D:10     | Bought a +0 plate armour of willpower for 420 gold pieces
  9569 | D:11     | Found a transporter.
  9569 | D:11     | Found a transporter.
  9569 | D:11     | Noticed Jaelalof's ghost (journeyman HORe)
  9581 | D:11     | Reached **** piety under the Shining One
  9885 | D:11     | Noticed a cyclops
 10084 | D:11     | Reached skill level 5 in Invocations
 10122 | D:11     | Found a white marble altar of Elyvilon.
 10156 | D:11     | Killed a cyclops
 10273 | D:11     | Reached XP level 12. HP: 78/78 MP: 14/16
 10379 | D:11     | Found a staircase to the Lair.
 10666 | D:12     | Found Kabrir's Distillery.
 10667 | D:12     | Identified the ring "Kieps" {Fire MP+9}
 10708 | D:12     | Bought a potion of curing for 42 gold pieces
 10708 | D:12     | Bought a potion of curing for 42 gold pieces
 10708 | D:12     | Bought 2 potions of heal wounds for 140 gold pieces
 10775 | D:12     | Noticed a boulder beetle
 10775 | D:12     | Reached ***** piety under the Shining One
 10785 | D:12     | Killed a boulder beetle
 10961 | D:12     | Found a frozen archway.
 10986 | IceCv    | Entered an ice cave
 11118 | IceCv    | Reached skill level 10 in Maces & Flails
 11423 | IceCv    | Reached ****** piety under the Shining One
 11544 | IceCv    | Noticed a reaper
 11569 | IceCv    | Killed a reaper
 12113 | D:12     | Found a staircase to the Orcish Mines.
 12673 | D:13     | Noticed a two-headed ogre
 12680 | D:13     | Killed a two-headed ogre
 12779 | D:13     | Reached XP level 13. HP: 68/85 MP: 18/18
 14014 | Lair:1   | Entered Level 1 of the Lair of Beasts
 15510 | Lair:2   | Noticed Gastronok
 15522 | Lair:2   | Killed Gastronok
 15552 | Lair:2   | Gained mutation: Your large and strong wings let you fly.
                  | [Gargoyle growth]
 15552 | Lair:2   | Reached XP level 14. HP: 81/92 MP: 19/21
 16563 | Lair:3   | Found a staircase to the Shoals.
 16613 | Lair:3   | Found a staircase to the Snake Pit.
 16978 | Lair:3   | Noticed Amaemon
 16988 | Lair:3   | Killed Amaemon
 17704 | Lair:4   | Reached skill level 10 in Invocations
 18328 | Lair:4   | Found a viscous altar of Jiyva.
 18328 | Lair:4   | Found a staircase to the Slime Pits.
 18556 | Lair:5   | Entered Level 5 of the Lair of Beasts
 20357 | Orc:1    | Entered Level 1 of the Orcish Mines
 20677 | Orc:1    | Noticed Urug
 20693 | Orc:1    | Killed Urug
 20892 | Orc:1    | Found Jigranne's Antique Armour Shoppe.
 20921 | Orc:1    | Found Zaasa's Gadget Gallery.
 21194 | Orc:2    | Entered Level 2 of the Orcish Mines
 21227 | Orc:2    | Found a staircase to the Elven Halls.
 21753 | Orc:2    | Reached XP level 15. HP: 98/101 MP: 22/22
 22110 | Orc:2    | Noticed an orc warlord
 22159 | Orc:1    | Killed an orc warlord
 22300 | Orc:2    | Found Ysil Xao's General Store.
 22547 | Orc:2    | Found Ipleantinu's Weapon Emporium.
 22551 | Orc:2    | Bought a scroll of acquirement for 780 gold pieces
 22551 | Orc:2    | Acquired the +0 pair of gloves of the Sneaky Seas {rN++
                  | Regen+ Dex+3 SInv}
 22554 | Orc:2    | Found Piratif's Magic Scroll Emporium.
 22576 | Orc:2    | Found Egoib's General Store.
 22582 | Orc:2    | Bought a scroll of blinking for 120 gold pieces
 22582 | Orc:2    | Bought a scroll of identify for 32 gold pieces
 22582 | Orc:2    | Bought a scroll of identify for 32 gold pieces
 22585 | Orc:2    | Identified a +0 sacred scourge of holy wrath (a -2 demon
                  | whip of venom blessed by the Shining One)
 22585 | Orc:2    | Received a gift from the Shining One
 22791 | D:14     | Noticed Jorgrun
 22837 | D:13     | Killed Jorgrun
 23082 | D:14     | Reached skill level 15 in Armour
 23088 | D:14     | Reached skill level 15 in Fighting
 23479 | D:14     | Identified the +0 plate armour of Grace {rF+ Int+3 Stlth+}
 23826 | D:14     | Found a gate to the Vaults.
 23896 | D:14     | Identified the staff of fire "Siub" {*Slow rElec rPois rF+
                  | Int+9}
 24412 | D:14     | Reached XP level 16. HP: 61/109 MP: 17/24
 24458 | D:14     | Found the +5 scythe "Finisher" {speed, execute}
 24521 | D:14     | Identified the +0 chain mail of the Bulwark {MP-9 Int+3
                  | Stlth+}
 24524 | D:14     | Got Vv's Textbook on the Crystallized Burn
 24559 | D:15     | Entered Level 15 of the Dungeon
 24868 | D:15     | Noticed a walking crystal tome
 24870 | D:15     | Found Doamuwn's Book Shop.
 24872 | D:15     | Noticed a walking crystal tome
 24944 | D:15     | Found a sparkling altar of Nemelex Xobeh.
 24971 | D:15     | Found Ivaaconguo's Assorted Antiques.
 24974 | D:15     | Bought a scroll of enchant weapon for 240 gold pieces
 25038 | D:15     | Noticed Louise
 25051 | D:15     | Killed Louise
 25052 | D:15     | Found Reyqan's Armour Shop.
 25232 | D:15     | Found a staircase to the Depths.
 25303 | D:15     | Found Hauwkes's Jewellery Shop.
 25342 | D:15     | Bought the amulet "Jurimnui" {Reflect Contam Will++ Regen+
                  | Dex+3 SH+5} for 517 gold pieces
 25535 | Snake:1  | Entered Level 1 of the Snake Pit
 25538 | Snake:1  | Noticed Josephine
 25550 | Snake:1  | Killed Josephine
 25931 | Snake:1  | Found Zoakh's Magic Scroll Shop.
 25938 | Snake:1  | Bought a scroll of enchant weapon for 112 gold pieces
 25938 | Snake:1  | Bought a scroll of enchant weapon for 112 gold pieces
 25953 | Snake:1  | Reached skill level 15 in Maces & Flails
 26707 | Snake:2  | Reached XP level 17. HP: 113/116 MP: 25/25
 27175 | Snake:2  | Noticed Frances
 27185 | Snake:2  | Killed Frances
 27225 | Snake:2  | Acquired 682 gold pieces
 27735 | Snake:3  | Identified the +1 morningstar of the Ghost {freeze, Will+}
 27898 | Snake:3  | Found a runed translucent gate.
 27898 | Snake:3  | Found a runed translucent gate.
 27900 | Snake:3  | Found a runed translucent gate.
 27909 | Snake:3  | Noticed Eeriemist's ghost (adept MiFi)
 27909 | Snake:3  | Noticed Siddir's ghost (journeyman MiBe)
 28164 | Snake:4  | Entered Level 4 of the Snake Pit
 28424 | Snake:4  | Reached XP level 18. HP: 124/124 MP: 15/26
 28430 | Snake:4  | Reached skill level 15 in Shields
 29186 | Snake:4  | Noticed Vashnia
 29196 | Snake:4  | Killed Vashnia
 29318 | Snake:4  | Got a serpentine rune of Zot
 29611 | Shoals:1 | Entered Level 1 of the Shoals
 29985 | Shoals:1 | Acquired the ring "Dixkidutz" {rCorr Str+3}
 30995 | Shoals:2 | Noticed Polyphemus
 31030 | Shoals:2 | Killed Polyphemus
 31248 | Shoals:2 | Reached XP level 19. HP: 105/132 MP: 27/27
 32350 | Shoals:4 | Entered Level 4 of the Shoals
 32389 | Shoals:4 | Noticed Ilsuiw
 33107 | Shoals:4 | Killed Ilsuiw
 33540 | Shoals:4 | Got a barnacled rune of Zot
 33572 | Shoals:4 | Identified the staff of fire "Guonajy" {Fly rF+ Str+5
                  | Dex-2}
 33602 | Shoals:4 | Identified the staff of cold "Heuf" {rC+ Stlth+}
 34017 | D:9      | Killed Frank's ghost
 34162 | D:8      | Killed Discosetron's ghost
 34298 | Vaults:1 | Entered Level 1 of the Vaults
 34627 | Vaults:1 | Found a crumbling gateway.
 35578 | Vaults:2 | Reached XP level 20. HP: 135/140 MP: 28/28
 35810 | Vaults:2 | Got the Octavo of the Tincture
 36002 | Vaults:2 | Found Umaamuil's General Store.
 36022 | Vaults:2 | Bought a potion of heal wounds for 85 gold pieces
 36337 | Vaults:2 | Got the Folio of the Valley
 36462 | Vaults:2 | Got the Codex of the Pyromaniac
 36993 | Vaults:3 | Found a staircase to the Crypt.
 37770 | Vaults:3 | Reached XP level 21. HP: 71/147 MP: 29/29
 38975 | Vaults:4 | Got the Tractate on Chilblains and Transmutation
 38978 | Vaults:4 | Got Foek's Folio of Pollution and Hexing
 38980 | Vaults:4 | Got the Papyrus of Cloudy Cryomancy
 39128 | Vaults:4 | Reached skill level 1 in Spellcasting
 39752 | Vaults:4 | Found Ywnel's Distillery.
 39760 | Vaults:4 | Bought a potion of heal wounds for 95 gold pieces
 39760 | Vaults:4 | Bought 2 potions of heal wounds for 190 gold pieces
 39760 | Vaults:4 | Bought a potion of heal wounds for 95 gold pieces
 39760 | Vaults:4 | Bought a potion of resistance for 190 gold pieces
 39798 | Vaults:4 | Found Etilin's Assorted Antiques.
 39951 | Vaults:4 | Found Roczuf's Weapon Emporium.
 40062 | Vaults:5 | Entered Level 5 of the Vaults
 40448 | Vaults:4 | Reached XP level 22. HP: 155/155 MP: 30/30
 40485 | Vaults:5 | Noticed Bai Suzhen
 40589 | Vaults:5 | Noticed a golden dragon
 40616 | Vaults:5 | Killed a golden dragon
 40629 | Vaults:5 | Killed Bai Suzhen
 40630 | Vaults:5 | Reached skill level 5 in Spellcasting
 40718 | Vaults:5 | Found Taufey's Magic Scroll Shoppe.
 41063 | Vaults:5 | Identified the +9 great mace of Causality {venom, Stlth+}
 41262 | Vaults:5 | Identified the ring "Foew Guv" {rPois rC+}
 41693 | Vaults:5 | Found Zeta's Distillery.
 41697 | Vaults:5 | Bought 2 potions of heal wounds for 180 gold pieces
 41726 | Vaults:5 | Found Fecheum's Magic Scroll Shoppe.
 41742 | Vaults:5 | Bought a potion of mutation for 144 gold pieces
 41742 | Vaults:5 | Gained mutation: You expend magic power (3 MP) to
                  | strengthen your wands. [potion of mutation]
 41743 | Vaults:5 | Lost mutation: You expend magic power (3 MP) to strengthen
                  | your wands. [potion of mutation]
 41743 | Vaults:5 | Gained mutation: Your flesh is heat resistant. (rF+)
                  | [potion of mutation]
 41743 | Vaults:5 | Gained mutation: You possess an exceptional clarity of
                  | mind. [potion of mutation]
 41762 | Vaults:5 | Bought a scroll of acquirement for 936 gold pieces
 41872 | Vaults:5 | Acquired 870 gold pieces
 41924 | Vaults:5 | Found Xieps's Distillery.
 41999 | Vaults:5 | Got a silver rune of Zot
 42001 | Vaults:5 | Identified the +0 pair of gloves "Vec Zeph" {rPois rC+
                  | Slay+3}
 42039 | Vaults:5 | Identified the +8 shortbow of the Hall of Blades {heavy,
                  | rN+}
 42058 | Vaults:5 | Learned a level 7 spell: Summon Hydra
 42391 | Depths:1 | Entered Level 1 of the Depths
 42462 | Depths:1 | Found Wonoag's Mayhem Merchandise.
 42511 | Depths:1 | Reached skill level 1 in Summonings
 42841 | Depths:1 | Reached XP level 23. HP: 162/162 MP: 33/33
 42846 | Depths:1 | Found a gateway to Hell.
 43083 | Depths:1 | Found a sacrificial altar of Ru.
 43878 | Depths:2 | Found a one-way gate leading to the halls of Pandemonium.
 43989 | Depths:2 | Found a one-way gate to the infinite horrors of the Abyss.
 44469 | Depths:2 | Found a hazy altar of Hepliaklqana.
 44910 | Depths:3 | Found a one-way gateway to a ziggurat.
 44975 | Depths:3 | Reached skill level 5 in Summonings
 44977 | Depths:3 | Identified the +6 giant club of Prudence {pain, Will+ MP+9
                  | Int+3}
 44977 | Depths:3 | Identified the +4 giant club of Recklessness {freeze, rF+
                  | Dex+4}
 45046 | Depths:3 | Noticed Vv
 45077 | Depths:3 | Killed Vv
 45133 | Depths:3 | Found a glowing golden altar of the Shining One.
 45133 | Depths:3 | Found a glowing silver altar of Zin.
 45133 | Depths:3 | Found a white marble altar of Elyvilon.
 45181 | Depths:3 | You are sucked into a shaft and drop 1 floor!
 45181 | Depths:4 | Entered Level 4 of the Depths
 45216 | Depths:4 | Found a broken altar of Ashenzari.
 45595 | Depths:3 | Found a radiant altar of Vehumet.
 45595 | Depths:3 | Noticed the Enchantress
 45655 | Depths:3 | Killed the Enchantress
 45721 | Depths:3 | Found the +12 pair of quick blades "Gyre" and "Gimble"
                  | {protect}
 45724 | Depths:3 | Identified the staff of conjuration "Vajatzaq" {Str+5}
 46089 | Depths:4 | Noticed Setanta's ghost (veteran SpBr)
 46171 | Depths:4 | Identified the amulet of Erulos {Fragile rElec Regen+ rCorr
                  | Dex+2}
 46204 | Depths:4 | Reached XP level 24. HP: 166/171 MP: 25/33
 46687 | Depths:4 | Found a gate to the Realm of Zot.
 46849 | Depths:4 | Found a runed translucent gate.
 46937 | Depths:4 | Found a runed translucent gate.
 46938 | Depths:4 | Found a runed translucent gate.
 46996 | Depths:4 | Identified the +1 rapier "Taecroic" {antimagic, Str+4
                  | Dex+2}
 47258 | Depths:4 | Identified the ring "Tourche" {Fire Str+3 Slay+3}
 47406 | Depths:4 | Killed Setanta's ghost
 47707 | Slime:1  | Entered Level 1 of the Pits of Slime
 47709 | Slime:1  | Gained mutation: Armour fits poorly on your strangely
                  | shaped body. [a shining eye]
 47710 | Slime:1  | Gained mutation: Your magical capacity is low. (-10% MP) [a
                  | shining eye]
 48054 | Slime:2  | Paralysed by a floating eye for 4 turns
 48063 | Slime:2  | Gained mutation: You are weak. (Str -2) [a shining eye]
 48086 | Slime:2  | Gained mutation: You are clumsy. (Dex -2) [a shining eye]
 48130 | Slime:2  | Lost mutation: You are weak. (Str -2) [potion of mutation]
 48130 | Slime:2  | Lost mutation: You possess an exceptional clarity of mind.
                  | [potion of mutation]
 48130 | Slime:2  | Gained mutation: Your body sometimes deteriorates upon
                  | taking damage. [potion of mutation]
 48130 | Slime:2  | Gained mutation: You expend magic power (3 MP) to
                  | strengthen your wands. [potion of mutation]
 48130 | Slime:2  | Gained mutation: You passively dampen the noise of your
                  | surroundings. [potion of mutation]
 48131 | Slime:2  | Lost mutation: Your body sometimes deteriorates upon taking
                  | damage. [potion of mutation]
 48131 | Slime:2  | Lost mutation: Your flesh is heat resistant. (rF+) [potion
                  | of mutation]
 48131 | Slime:2  | Gained mutation: You have a pair of small antennae on your
                  | head. [potion of mutation]
 48132 | Slime:2  | Lost mutation: Your magical capacity is low. (-10% MP)
                  | [potion of mutation]
 48132 | Slime:2  | Lost mutation: You expend magic power (3 MP) to strengthen
                  | your wands. [potion of mutation]
 48132 | Slime:2  | Lost mutation: You passively dampen the noise of your
                  | surroundings. [potion of mutation]
 48132 | Slime:2  | Gained mutation: You have sharp toenails. [potion of
                  | mutation]
 48133 | Slime:2  | Lost mutation: You have sharp toenails. [potion of
                  | mutation]
 48133 | Slime:2  | Lost mutation: You have a pair of small antennae on your
                  | head. [potion of mutation]
 48133 | Slime:2  | Lost mutation: Armour fits poorly on your strangely shaped
                  | body. [potion of mutation]
 48133 | Slime:2  | Gained mutation: You are dopey. (Int -2) [potion of
                  | mutation]
 48133 | Slime:2  | Gained mutation: You are partially covered in iridescent
                  | scales. (AC +2) [potion of mutation]
 48134 | Slime:2  | Lost mutation: You are clumsy. (Dex -2) [potion of
                  | mutation]
 48134 | Slime:2  | Lost mutation: You are partially covered in iridescent
                  | scales. (AC +2) [potion of mutation]
 48134 | Slime:2  | Lost mutation: You are dopey. (Int -2) [potion of mutation]
 48134 | Slime:2  | Gained mutation: You have an increased reservoir of magic.
                  | (+10% MP) [potion of mutation]
 48134 | Slime:2  | Gained mutation: You expend magic power (3 MP) to
                  | strengthen your wands. [potion of mutation]
 48134 | Slime:2  | Gained mutation: You are strong-willed. (Will+) [potion of
                  | mutation]
 49504 | Slime:5  | Entered Level 5 of the Pits of Slime
 49719 | Slime:5  | Noticed the Royal Jelly
 50172 | Slime:5  | Gained mutation: Potions are less effective at restoring
                  | your health. [a shining eye]
 50483 | Slime:5  | Found a viscous altar of Jiyva.
 50707 | Slime:5  | Killed the Royal Jelly
 50968 | Slime:5  | Identified the ring "Qaopnor" {+Blink rPois rF+ Will+}
 50972 | Slime:5  | Got a slimy rune of Zot
 50995 | Slime:5  | Identified the +3 battleaxe of the Howling One {freeze,
                  | rN+}
 50996 | Slime:5  | Identified the +0 ring mail of the Lonely Emperors {rElec
                  | rN+ rCorr}
 51314 | Crypt:1  | Entered Level 1 of the Crypt
 51341 | Crypt:1  | Noticed Aizul
 51361 | Crypt:1  | Killed Aizul
 51543 | Crypt:1  | Reached XP level 25. HP: 178/178 MP: 36/36
 52657 | Crypt:3  | Entered Level 3 of the Crypt
 52657 | Crypt:3  | Found the +3 pair of seven-league boots {Rampage+∞}
 52800 | Crypt:3  | Found a staircase to the Tomb.
 52949 | Crypt:3  | Noticed Frederick
 53195 | Crypt:3  | Reached skill level 10 in Summonings
 53381 | Crypt:3  | Killed Frederick
 53415 | Crypt:3  | Identified the +2 trident of Devotion {chaos, Fly rN+
                  | Will-}
 53599 | Crypt:3  | Found a basalt altar of Yredelemnul.
 54172 | Crypt:3  | Found a basalt altar of Yredelemnul.
 54267 | Tomb:1   | Entered Level 1 of the Tomb of the Ancients
 54552 | Tomb:1   | Noticed a royal mummy
 54564 | Tomb:1   | Reached XP level 26. HP: 142/187 MP: 36/36
 54570 | Tomb:1   | Killed a royal mummy
 55123 | Tomb:2   | Noticed a royal mummy
 55125 | Tomb:2   | Noticed a royal mummy
 55139 | Tomb:2   | Killed a royal mummy
 55144 | Tomb:2   | Noticed a royal mummy
 55151 | Tomb:2   | Noticed a royal mummy
 55173 | Tomb:2   | Killed a royal mummy
 55182 | Tomb:2   | Killed a royal mummy
 55200 | Tomb:2   | Killed a royal mummy
 55584 | Tomb:1   | Noticed a royal mummy
 55596 | Tomb:1   | Killed a royal mummy
 55606 | Tomb:1   | Noticed a royal mummy
 55616 | Tomb:1   | Killed a royal mummy
 55628 | Tomb:1   | Noticed a royal mummy
 55635 | Tomb:1   | Killed a royal mummy
 55695 | Tomb:1   | Noticed a royal mummy
 55697 | Tomb:1   | Noticed a royal mummy
 55704 | Tomb:1   | Noticed a royal mummy
 55706 | Tomb:1   | Killed a royal mummy
 55708 | Tomb:1   | Noticed a royal mummy
 55711 | Tomb:1   | Noticed a royal mummy
 55715 | Tomb:1   | Killed a royal mummy
 55721 | Tomb:1   | Noticed a royal mummy
 55721 | Tomb:1   | Noticed a royal mummy
 55722 | Tomb:1   | Noticed a royal mummy
 55722 | Tomb:1   | Noticed a royal mummy
 55861 | Tomb:1   | Noticed a royal mummy
 55875 | Tomb:1   | Killed a royal mummy
 56061 | Tomb:1   | Killed a royal mummy
 56077 | Tomb:1   | Killed a royal mummy
 56107 | Tomb:1   | Noticed a royal mummy
 56113 | Tomb:1   | Killed a royal mummy
 56118 | Tomb:1   | Killed a royal mummy
 56149 | Tomb:1   | Killed a royal mummy
 56179 | Tomb:1   | Killed a royal mummy
 56242 | Tomb:1   | Killed a royal mummy
 56246 | Tomb:1   | Killed a royal mummy
 56248 | Tomb:1   | Noticed a royal mummy
 56269 | Tomb:1   | Killed a royal mummy
 56275 | Tomb:1   | Gained mutation: You do not regenerate when monsters are
                  | visible. [mutagenic glow]
 56284 | Tomb:1   | Gained mutation: You occasionally shout uncontrollably at
                  | your foes. [mutagenic glow]
 56289 | Tomb:1   | Gained mutation: You are vulnerable to cold. (rC-)
                  | [mutagenic glow]
 56298 | Tomb:1   | Lost mutation: You are strong-willed. (Will+) [potion of
                  | mutation]
 56298 | Tomb:1   | Lost mutation: Potions are less effective at restoring your
                  | health. [potion of mutation]
 56298 | Tomb:1   | Gained mutation: You possess an exceptional clarity of
                  | mind. [potion of mutation]
 56299 | Tomb:1   | Lost mutation: You have an increased reservoir of magic.
                  | (+10% MP) [potion of mutation]
 56299 | Tomb:1   | Lost mutation: You occasionally shout uncontrollably at
                  | your foes. [potion of mutation]
 56299 | Tomb:1   | Lost mutation: You are vulnerable to cold. (rC-) [potion of
                  | mutation]
 56299 | Tomb:1   | Gained mutation: You are weak. (Str -2) [potion of
                  | mutation]
 56299 | Tomb:1   | Gained mutation: Your spells are a little harder to cast,
                  | but a little more powerful. [potion of mutation]
 56300 | Tomb:1   | Lost mutation: You possess an exceptional clarity of mind.
                  | [potion of mutation]
 56300 | Tomb:1   | Lost mutation: You are weak. (Str -2) [potion of mutation]
 56300 | Tomb:1   | Gained mutation: You sometimes lose your temper in combat.
                  | [potion of mutation]
 56300 | Tomb:1   | Gained mutation: You are strong-willed. (Will+) [potion of
                  | mutation]
 56301 | Tomb:1   | Lost mutation: You do not regenerate when monsters are
                  | visible. [potion of mutation]
 56301 | Tomb:1   | Lost mutation: You sometimes lose your temper in combat.
                  | [potion of mutation]
 56301 | Tomb:1   | Lost mutation: You expend magic power (3 MP) to strengthen
                  | your wands. [potion of mutation]
 56301 | Tomb:1   | Gained mutation: You are occasionally teleported next to
                  | monsters. [potion of mutation]
 56301 | Tomb:1   | Gained mutation: You have sharp toenails. [potion of
                  | mutation]
 56302 | Tomb:1   | Lost mutation: Your spells are a little harder to cast, but
                  | a little more powerful. [potion of mutation]
 56302 | Tomb:1   | Lost mutation: You are strong-willed. (Will+) [potion of
                  | mutation]
 56302 | Tomb:1   | Gained mutation: [You are frail. (-10% HP)] [potion of
                  | mutation]
 56302 | Tomb:1   | Gained mutation: You have razor-sharp toenails. [potion of
                  | mutation]
 56317 | Tomb:1   | Noticed a royal mummy
 56327 | Tomb:1   | Killed a royal mummy
 56364 | Tomb:2   | Gained mutation: You are dopey. (Int -2) [mutagenic glow]
 56383 | Tomb:2   | Gained mutation: You are clumsy. (Dex -2) [mutagenic glow]
 56396 | Tomb:2   | Gained mutation: Your magical capacity is low. (-10% MP)
                  | [mutagenic glow]
 56403 | Tomb:2   | Gained mutation: You are very dopey. (Int -4) [mutagenic
                  | glow]
 56435 | Tomb:2   | Gained mutation: You occasionally shout uncontrollably at
                  | your foes. [mutagenic glow]
 56451 | Tomb:2   | Gained mutation: You occasionally lose the ability to drink
                  | potions when taking damage. [mutagenic glow]
 56462 | Tomb:2   | Gained mutation: You occasionally lose the ability to read
                  | scrolls when taking damage. [mutagenic glow]
 56470 | Tomb:2   | Gained mutation: [You are very frail. (-20% HP)] [mutagenic
                  | glow]
 56589 | Tomb:3   | Entered Level 3 of the Tomb of the Ancients
 56603 | Tomb:3   | Noticed a royal mummy
 56614 | Tomb:3   | Noticed a royal mummy
 56616 | Tomb:3   | Noticed a royal mummy
 56645 | Tomb:3   | Killed a royal mummy
 56650 | Tomb:3   | Noticed a royal mummy
 57134 | Tomb:3   | Noticed a royal mummy
 57155 | Tomb:3   | Got a golden rune of Zot
 57199 | Tomb:3   | Noticed a royal mummy
 57212 | Tomb:3   | Noticed a royal mummy
 57214 | Tomb:3   | Killed a royal mummy
 57222 | Tomb:3   | Killed a royal mummy
 57223 | Tomb:3   | Noticed a royal mummy
 57251 | Tomb:3   | Killed a royal mummy
 57252 | Tomb:3   | Reached XP level 27. HP: 71/156 MP: 16/30
 57254 | Tomb:3   | Killed a royal mummy
 57272 | Tomb:3   | Killed a royal mummy
 57285 | Tomb:3   | Noticed a royal mummy
 57287 | Tomb:3   | Killed a royal mummy
 57307 | Tomb:3   | Killed a royal mummy
 57316 | Tomb:3   | Killed a royal mummy
 57491 | Tomb:3   | Identified the +3 whip of the Kissing Madman {freeze, Will+
                  | Str+3 Dex+2}
 57531 | Tomb:3   | Identified the +7 quarterstaff "Kafeg" {protect, rElec
                  | rPois rF+ Stlth+}
 57537 | Tomb:3   | Identified the +1 helmet "Wetarrea" {rN+}
 57555 | Tomb:3   | Identified the ring of Vyiqawy {rPois Str+3 Dex+6 Slay-6}
 57565 | Tomb:3   | Got Piffifom's Essays on Accompaniment and Toxicants
 57576 | Tomb:3   | Identified the staff of earth "Aggoklo" {Fragile Fly rC+
                  | Int+5}
 57594 | Tomb:3   | Identified the +4 falchion "Satime" {elec, rElec rPois}
 57614 | Tomb:3   | Identified the +7 plate armour of Divine Intervention
                  | {SInv}
 58360 | Hell     | Entered the Vestibule of Hell
 58360 | Hell     | Noticed Geryon
 58368 | Hell     | Identified the +0 tower shield of the Moneychanger {rPois
                  | Will+++ Int-2 Slay+2}
 58595 | Hell     | Killed Geryon
 58676 | Hell     | Found a gateway to the decaying netherworld of Tartarus.
 58748 | Hell     | Found a gateway to the freezing wastes of Cocytus.
 58845 | Hell     | Found a gateway to the Iron City of Dis.
 59008 | Hell     | Found a gateway to the ashen valley of Gehenna.
 59134 | Geh:1    | Entered Level 1 of Gehenna
 59567 | Hell     | Killed from afar by a frost giant

Illustrated notes

Levels and vault maps discovered:
D:1:      zaba_arrival_water, layout_rooms, serial_shops, shop, shop, shop, shop
D:2:      layout_basic, nrook_campfire, hex_large, minmay_pentomino_q2
D:3:      minmay_goblin_kobold_castle, layout_rooms,
          grunt_dithmenos_smoke_and_mirrors
D:4:      layout_basic, minmay_temple_entry_statues_pillars,
          portal_sewer_entry_d, uniq_sigmund, uniq_crazy_yiuf_cottage,
          uniq_robin
D:5:      layout_layer_cave, grunt_temple_overflow_order_and_chaos_2,
          chequers_serial_rivers_room_b, fountainhead, uniq_duvessa
D:6:      layout_loops_ring, minmay_increasing_density
D:7:      layout_basic, lemuel_doored_altar, uniq_pikel
D:8:      layout_basic, minitemple, nzn_ghost_randoct, serial_shops,
          nicolae_shop_tiny_statue_garden, kennysheep_generic_room_11,
          uniq_psyche
D:9:      layout_irregular_city, gammafunk_ghost_ooze,
          nicolae_diode_intersection, uniq_prince_ribbit1
D:10:     layout_long_grid, serial_shops, shop, shop_fountains, shop,
          kennysheep_little_box, gammafunk_ghost_wrathful_warriors
D:11:     layout_cave_pools, hellmonk_lair_entry_icy, gammafunk_ghost_hive,
          chequers_decorated_corner, nicolae_elyvilon_peaceful_grove
D:12:     lemuel_slime, layout_cave_pools, serial_shops,
          nicolae_shop_tiny_waterfront, portal_ice_cave_entry_imps,
          nicolae_figureground_pulse
D:13:     layout_basic
D:14:     minmay_the_grid_net [minmay_the_grid_large_cup,
          minmay_the_grid_dragon_b, minmay_the_grid_x, minmay_the_grid_odd_star,
          minmay_the_grid_all_tris, minmay_the_grid_prize_trominoes],
          layout_basic, david_vaults_1, dk_noncrumbling_2,
          minmay_guarded_unrand_finisher, uniq_jorgrun
D:15:     gammafunk_enter_depths_forms, layout_loops_ring, serial_shops,
          nicolae_shop_advertising_works [nicolae_subvault_shop_adworks],
          nicolae_shop_mannequins, nicolae_shop_pleasant_corner_grove, shop,
          nemelex_lonely_heart_becter, uniq_louise
Temple:   regret_index_temple_waves
Lair:1:   layout_gridlike, beast_lair_carwin_10
Lair:2:   layout_cave_pods, minmay_shattered_shrine, uniq_gastronok
Lair:3:   layout_loops_ring, nicolae_shoals_entry_roost, dummy_snake_entry,
          uniq_amaemon
Lair:4:   dreamdust_cave_troll, layout_regular_city, dpeg_slime_entry_enclosed
Lair:5:   minmay_lair_end_enchanted_forest, layout_hall_layers
Shoals:1: layout_shoals, nicolae_shoals_circle_sea_wall
Shoals:2: layout_shoals, nicolae_shoals_loop_pool, uniq_polyphemus
Shoals:3: layout_shoals, nicolae_shoals_lost_giant_amphitheater
Shoals:4: shoals_end_simple, layout_shoals, shoals_ilsuiw_ice,
          nicolae_shoals_undead_eyrie
Snake:1:  nicolae_snake_nest, layout_gridlike, serial_shops,
          nicolae_shop_getting_attention, uniq_josephine
Snake:2:  layout_rooms, nicolae_snake_storage_room, uniq_frances
Snake:3:  layout_onion, gammafunk_ghost_cemetery
Snake:4:  grunt_snake_rune_serpentine_throne, layout_basic, grunt_ministairs_1,
          serial_bayou_lake_a
Slime:1:  layout_caves
Slime:2:  layout_caves
Slime:3:  cheibrodos_slime_lost_civilization_8, layout_caves
Slime:4:  layout_caves
Slime:5
Orc:1:    minmay_goldmine, layout_caves, serial_shops,
          nicolae_shop_tiny_waterfront, nicolae_shop_gadgets, uniq_urug
Orc:2:    st_orc_elflike, layout_caves, nicolae_orc_flooded_monolith, rock_pile
Vaults:1: portal_desolation_entry_ruin, grunt_vaults_swirl,
          nicolae_vaults_hexular_roomagon, nicolae_vaults_storage_room_water,
          nicolae_vaults_tangram_1, nicolae_vaults_storage_closets_2,
          nicolae_vaults_tetromino_T_2, vaults_room_door_ring,
          hangedman_vaults_snaps, grunt_vaults_hallway_long,
          nicolae_vaults_surprise_closet, layout_vaults_big_room
Vaults:2: v_misc_12, hangedman_vaults_unwind, ontoclasm_vaults_ring_small,
          hangedman_vaults_corner, nicolae_vaults_loss_of_containment,
          nicolae_vaults_tangram_1, ontoclasm_vaults_bender,
          vaults_room_fancy_cross, vaults_mumra_lcd,
          nicolae_vaults_more_shelving_1, nicolae_vaults_little_ls,
          vaults_room_door_hall, v_misc_17, nicolae_vaults_tetromino_L_1,
          layout_vaults_maze_bifur, serial_hangedman_research,
          hangedman_research_toxicology, hangedman_research_pyrotechnics,
          hangedman_research_geology, serial_shops, shop
Vaults:3: minmay_crypt_entry_simple_statues, ontoclasm_vaults_tryst,
          nicolae_vaults_minivaults, nicolae_vaults_network_barrier,
          nicolae_vaults_theta, hangedman_vaults_capsules, v_misc_33,
          nicolae_vaults_little_squares_5, v_misc_32, nicolae_vaults_diamond_2,
          nicolae_vaults_trapezoid_lopsided_2, vaults_room_pool,
          dpeg_vaults_monster_box, grunt_vaults_twisty, layout_vaults_omnibox,
          serial_glass
Vaults:4: hangedman_vaults_maws, v_misc_24, nicolae_vaults_variable_pillar_hall,
          nicolae_vaults_library_corner, nicolae_vaults_closet_pinwheel_1,
          v_rooms_3, v_pattern_1, nicolae_vaults_taking_the_gang_shopping,
          layout_vaults_omnicross, serial_shops, nicolae_shop_window_shopping,
          shop_fountains
Vaults:5: serial_shops, uniq_bai_suzhen
Crypt:1:  layout_regular_city, uniq_aizul
Crypt:2:  layout_rooms, grunt_ministairs_6
Crypt:3:  due_elkab, layout_chaotic_city, nicolae_tomb_entry_grand_gallery,
          hangedman_crypt_dual_shrines, uniq_frederick
Tomb:1
Tomb:2
Tomb:3
Depths:1: layout_gridville, hangedman_decor_clover_reticule, grunt_metal_band,
          minmay_shop_mayhem, st_stairs_8, serial_sigils_hangedman_scratch,
          minmay_liquid_box, minmay_misc_feat_ornament, nicolae_ru_path_of_blood
Depths:2: kennysheep_blocky_room, layout_cave_pools, marbit_kobold_abyss_entry,
          rand_demon_pan_entry_1, hell_entry,
          amcnicky_mini_rare_corridor_liquid, nzn_hepliaklqana_mist_gate,
          serial_bayou_shore_a
Depths:3: grunt_forest_end_shrine, layout_small_grid, enter_ziggurat_b,
          pf_hell_entry_tar_spiral, minmay_misc_feat_cross,
          rand_demon_pan_entry_7, abyss_entry, hallowed_hall, uniq_vv
Depths:4: grunt_zot_entry_alcove, layout_honeycomb, gammafunk_ghost_icy,
          nicolae_ashenzari_panopticon, serial_shops, bzr_in_the_mist,
          hell_entry
Hell
Geh:1:    layout_gehenna_lava_caves
Geh:2:    nicolae_hells_giants_party, layout_gehenna_lava_caves

Skill      XL: |  1  2  3  4  5  6  7  8  9 10 11 12 13 14 15 16 17 18 19 20 21 22 23 24 25 26 27 |
---------------+----------------------------------------------------------------------------------+-----
Fighting       | 4 5 6 8 9 10 11 12 14 15 16 17 18 19 20 21 22 23 24 25 26 | 26.3
Armour         | 4 5 6 8 9 10 11 12 14 15 16 17 18 19 20 21 22 23 24 25 26 | 26.3
Shields        | 4 5 6 8 9 10 11 12 13 14 16 17 18 19 | 19.0
Maces & Flails | 3 4 5 7 8 9 10 11 13 14 15 16 17 18 19 20 21 22 23 24 | 24.3
Invocations    | 2 5 7 9 10 11 | 11.0
Spellcasting   | 4 6 |  6.9
Summonings     | 2 6 8 10 12 13 | 13.6

Action                     |  1- 3 |  4- 6 |  7- 9 | 10-12 | 13-15 | 16-18 | 19-21 | 22-24 | 25-27 || total
---------------------------+-------+-------+-------+-------+-------+-------+-------+-------+-------++-------
  Melee: Flail             |    72 |       |       |   137 |       |       |       |       |       ||   209
         Mace              |    25 |   121 |   258 |   550 |  1399 |       |       |   115 |       ||  2468
         Sacred scourge    |       |       |       |       |     1 |  1632 |  2159 |  2402 |  1724 ||  7918
 Invoke: Divine Shield     |       |       |       |     2 |     6 |     2 |     2 |     4 |     5 ||    21
         Summon Divine War |       |       |       |       |     1 |       |       |     5 |     6 ||    12
         Cleansing Flame   |       |       |       |       |     1 |       |       |     1 |     8 ||    10
         Brand Weapon With |       |       |       |       |     1 |       |       |       |       ||     1
    Use: Scroll            |       |       |    12 |     6 |    15 |    11 |     4 |     9 |     9 ||    66
         Potion            |       |       |       |     1 |     3 |     1 |     2 |    12 |    20 ||    39
 Armour: Scale mail        |    41 |    96 |   195 |   109 |       |       |       |       |       ||   441
         Plate armour      |       |       |       |   255 |   690 |   555 |   662 |   822 |  1015 ||  3999
  Dodge: Dodged            |    50 |    88 |   152 |   173 |   290 |   193 |   243 |   266 |   409 ||  1864
  Block: Buckler           |    29 |    50 |    76 |   381 |   357 |       |       |       |       ||   893
         Reflection        |       |       |       |    14 |    22 |   160 |    73 |    48 |     3 ||   320
         Kite shield       |       |       |       |       |   611 |       |       |       |       ||   611
         Tower shield      |       |       |       |       |    32 |  1707 |  1910 |  2513 |  2443 ||  8605
